 Dungeon Crawl Stone Soup version 0.25.1-2-g60ff931df9 (webtiles) character file.

Game seed: 11377708843553347479

32 GarryLv the Sneak (level 3, -4/18 HPs)
             Began as a Spriggan Assassin on Oct 2, 2020.
             Killed from afar by Natasha (7 damage)
             ... with a magic dart
             ... on level 2 of the Dungeon.
             The game lasted 00:05:34 (755 turns).

GarryLv the Sneak (Spriggan Assassin)                Turns: 755, Time: 00:05:35

Health: -4/18      AC:  3    Str:  7    XL:     3   Next: 8%
Magic:  4/4        EV: 17    Int: 12    God:
Gold:   88         SH:  0    Dex: 18    Spells: 2/2 levels left

rFire    . . .     SeeInvis +   a - +2 dagger
rCold    . . .     Gourm    .   (shield restricted)
rNeg     . . .     Faith    .   b - +0 robe
rPois    .         Spirit   .   (helmet restricted)
rElec    .         Reflect  .   c - +0 cloak
rCorr    .         Harm     .   (gloves unavailable)
MR       .....                  (boots unavailable)
Stlth    ++++......             (no amulet)
HPRegen  0.06/turn              (no ring)
MPRegen  0.09/turn              (no ring)

@: slowed, quick
A: very small, unfitting armour, see invisible, herbivore, speed 3, slow
metabolism 2
a: no special abilities


You were on level 2 of the Dungeon.
You were not hungry.

You visited 1 branch of the dungeon, and saw 2 of its levels.

You collected 88 gold pieces.

Inventory:

Hand Weapons
 a - a +2 dagger (weapon)
 j - a +0 hunting sling
Missiles
 d - 15 poisoned darts (quivered)
 e - 2 curare-tipped darts
 l - 47 stones
Armour
 b - a +0 robe (worn)
 c - a +0 cloak (worn)
 o - a +0 pair of boots
Jewellery
 h - an uncursed amulet of the acrobat {unknown}
 k - an uncursed amulet of the acrobat {unknown}
 n - an uncursed ring of ice {unknown}
Scrolls
 g - a scroll of enchant weapon {unknown}
 p - a scroll of random uselessness {unknown}
Potions
 i - a potion of might {unknown}
 m - 4 potions of haste {unknown}
Comestibles
 f - 2 rations


   Skills:
 + Level 1.8 Fighting
 + Level 2.4 Short Blades
 + Level 2.1 Throwing
 + Level 1.9 Dodging
 + Level 6.9 Stealth


You had 2 spell levels left.
You didn't know any spells.
Your spell library was empty.

Dungeon Overview and Level Annotations

Branches:
Dungeon (2/15)

Altars:

Annotations:
D:2 Natasha


Innate Abilities, Weirdness & Mutations

You are very small and have problems with some larger weapons.
You are too small for most types of armour.
You have supernaturally acute eyesight. (SInv)
You are a herbivore.
You cover ground extremely quickly.
You need to consume almost no food.


Message History

You hit Natasha.
Natasha is heavily wounded.
Natasha barely misses you. Natasha completely misses you.
You hit Natasha but do no damage.
Natasha is heavily wounded.
Natasha barely misses you.
You closely miss Natasha.
Natasha is heavily wounded.
Natasha casts a spell at you. The magic dart hits you.
* * * LOW HITPOINT WARNING * * *
You hit Natasha.
Natasha is heavily wounded.
Natasha casts a spell at you. You resist with some effort.
Natasha barely misses you.
You hit Natasha.
Natasha is severely wounded.
Natasha stares at you and mumbles some strange words.
The magic dart hits you!
You die...

#..###...##..#.+.
######..#
##.###......
#.......# #.#
#...... #.#####.#
#.# #..#.+. #.#
#.# #.# #..####
#.# #.# #.#
#....#
###.#####.# #.#
#.##.#
..........#
#.##.#
......h@.$#
#.##.##
.#...###.##
#.#.... ##.## #.#
#.#..## #.#
#.#..#. #.#
###)...#. #.#
#.#......#. #.#
#.......... ..#
###.#.#$..#
#.#.#...#


You could see Natasha.

Vanquished Creatures
  An ooze (D:2)
  A dart slug (D:1)
  2 leopard geckos
  2 giant cockroaches (D:1)
  3 goblins
  2 hobgoblins (D:1)
  A jackal (D:2)
  5 bats
  A frilled lizard (D:1)
  3 kobolds
  3 rats (D:1)
24 creatures vanquished.

Notes
Turn   | Place    | Note
-------+----------+-------------------------------------------
     0 | D:1      | GarryLv the Spriggan Assassin began the quest for the Orb.
     0 | D:1      | Reached XP level 1. HP: 10/10 MP: 2/2
    39 | D:1      | Reached skill level 6 in Stealth
    94 | D:1      | Reached XP level 2. HP: 6/14 MP: 3/3
   695 | D:2      | Reached XP level 3. HP: 14/18 MP: 4/4
   739 | D:2      | Noticed Natasha
   755 | D:2      | Killed from afar by Natasha

Illustrated notes

Levels and vault maps discovered:
D:1:      dpeg_arrival_stonehenge_8_columns, layout_rooms
D:2:      layout_loops_ring, marbit_many_paths, lemuel_altar_in_water,
          uniq_natasha, uniq_crazy_yiuf_cottage

Skill      XL: |  1 |
---------------+----+-----
Stealth        | 6 |  6.9
Fighting       | |  1.8
Short Blades   | |  2.4
Throwing       | |  2.1
Dodging        | |  1.9

Action                   || total
-------------------------++-------
Melee: Dagger            ||    72
Throw: Dart              ||    17
Armor: Robe              ||    10
Dodge: Dodged            ||    63
